 Dungeon Crawl Stone Soup version 0.31-a0-564-g3b7de120b3 (webtiles) character file.

Game seed: 5890339713604778688

3112 Shayle the Fighter (level 9, -3/97 HPs)
             Began as an Ogre Shapeshifter on Aug 17, 2023.
             Was an Initiate of Gozag.
             Slain by a large slime creature (40 damage)
             ... on level 7 of the Dungeon.
             The game lasted 00:31:37 (7891 turns).

Shayle the Fighter (Ogre Shapeshifter)              Turns: 7891, Time: 00:31:37

Health: -3/97      AC:  7    Str: 21    XL:     9   Next: 91%
Magic:  28/28      EV:  9    Int: 13    God:    Gozag
Gold:   394        SH:  0    Dex:  9    Spells: 14/21 levels left

rFire   . . .        t - +6 whip (elec)
rCold   . . .        (no shield)
rNeg    . . .        z - +1 steam dragon scales
rPois   .            (helmet currently unavailable)
rElec   .            (cloak currently unavailable)
rCorr   +            (gloves unavailable)
SInv    .            (boots unavailable)
Will    .....        y - amulet of regeneration
Stlth   +            l - ring of resist corrosion
HPRegen 1.16/turn    m - ring of magical power
MPRegen 0.21/turn

%: no passive effects
@: beast-form
A: beast (slay +2), large, unfitting armour, tough skin 1
a: Begin Untransformation, Renounce Religion, Potion Petition, Call Merchant,
Bribe Branch


You were on level 7 of the Dungeon.
You worshipped Gozag.
Gozag was aware of your devotion.
You were a hulking beast.
You visited 2 branches of the dungeon, and saw 12 of its levels.

You collected 536 gold pieces.
You paid 142 gold pieces to Gozag.

Inventory:

Hand Weapons
 j - a +1 rapier of venom
 r - a +2 short sword of draining
 t - a +6 whip of electrocution (weapon)
Armour
 g - a +1 cloak
 z - +1 steam dragon scales (worn)
Jewellery
 h - a ring of poison resistance
 l - a ring of resist corrosion (left hand)
 m - a ring of magical power (right hand)
 s - a ring of protection from fire
 y - an amulet of regeneration (around neck)
 B - a +6 ring of dexterity
Talismans
 c - a beast talisman (active)
 d - a flux talisman
Wands
 u - a wand of charming (4)
 A - a wand of polymorph (9)
Scrolls
 e - 3 scrolls of revelation
 f - 2 scrolls of identify
 x - a scroll of amnesia
Potions
 a - a potion of enlightenment {unknown}
 i - a potion of haste
 k - a potion of heal wounds
 n - a potion of mutation {unknown}
 p - a potion of attraction
 w - 2 potions of invisibility {unknown}


   Skills:
 + Level 8.4 Fighting
 - Level 1.7 Dodging
 + Level 6.3 Unarmed Combat
 + Level 6.8 Spellcasting
 + Level 4.5 Conjurations
 + Level 4.5 Fire Magic
 + Level 1.8 Air Magic
 - Level 3.0 Shapeshifting


You had 14 spell levels left.
You knew the following spells:

 Your Spells              Type           Power      Damage    Failure   Level
a - Sticky Flame          Conj/Fire      16%        2d4       24%         4
b - Mephitic Cloud        Conj/Pois/Air  10%        N/A       19%         3

Your spell library contained the following spells:

 Spells                   Type           Power      Damage    Failure   Level
 Magic Dart               Conj           64%        1d6       2%          1
 Searing Ray              Conj           32%        2d5       3%          2
 Momentum Strike          Conj/Tloc      20%        3d8       9%          2
 Poisonous Vapours        Pois/Air       12%        N/A       16%         2
 Dazzling Flash           Conj/Hex       20%        N/A       19%         3
 Inner Flame              Hex/Fire       10%        N/A       19%         3
 Blink                    Tloc           8%         N/A       24%         2
 Lesser Beckoning         Tloc           8%         N/A       24%         2
 Flame Wave               Conj/Fire      16%        2d7       24%         4
 Fulminant Prism          Conj/Hex       5%         3d7       52%         4
 Anguish                  Hex/Necr       2%         N/A       83%         4
 Cause Fear               Hex            2%         N/A       83%         4
 Freezing Cloud           Conj/Ice/Air   5%         6-21      87%         5
 Silence                  Hex/Air        3%         N/A       96%         5
 Agony                    Necr           4%         N/A       99%         5
 Enfeeble                 Hex            2%         N/A       100%        7


Dungeon Overview and Level Annotations

Branches:
Dungeon (11/15)            Temple (1/1) D:5            Lair (0/5) D:10
    Orc: D:9-12

Altars:
Ashenzari
Dithmenos
Elyvilon
Gozag
Kikubaaqudgha
Makhleb
Nemelex Xobeh
Okawaru
Qazlal
Ru
Sif Muna
Trog
Uskayaw
Vehumet
Yredelemnul
Zin
The Shining One

Shops:
D:5 *[(=[   D:9 *

Annotations:
D:10 Psyche


Innate Abilities, Weirdness & Mutations

You are a hulking beast.
Your limbs bulge with bestial killing power. (Slay +2)
You are too large for most types of armour.
You have tough skin. (AC +1)


Message History

You whack the endoplasm!
You kill the endoplasm!
The slime creature quivers.
The jelly hits you but does no damage.
There is an open door here.
You see here 21 gold pieces.
You see here 12 gold pieces.
The jelly attacks as you move away! The jelly closely misses you.
You whack the jelly!
Your hands burn!
The jelly is severely wounded.
The jelly hits you but does no damage.
You hit the jelly. Lightning courses through the jelly!
You kill the jelly!
The slime creature closely misses you.
You see here 15 gold pieces.
You hit the slime creature.
The slime creature is lightly wounded.
Two slime creatures merge to form a large slime creature.
You whack the large slime creature!
The large slime creature is lightly wounded.
The large slime creature hits you!
You whack the large slime creature!
Lightning courses through the large slime creature!
The large slime creature is moderately wounded.
The large slime creature hits you!!!
You hit the large slime creature.
Lightning courses through the large slime creature!
The large slime creature is heavily wounded.
The large slime creature misses you.
You completely miss the large slime creature.
The large slime creature is heavily wounded.
The large slime creature closely misses you.
You hit the large slime creature.
The large slime creature is heavily wounded.
The large slime creature hits you! The large slime creature hits you.
You whack the large slime creature!
The large slime creature is heavily wounded.
The large slime creature hits you!!!
You die...
Your body crumbles into a pile of gold.

. . ####### .###
#......########## #..#
#PPP...J##......###..+
#...÷..#h#....(..##..#
#PPP...#.#........'..#
#......#.#........'..####
#...J..#)#'#......'......
#÷....÷#.#.#.....##).....
#PP.PJP#.#.#....###..###.
#$.J÷÷.##.#########..#§..
### ######...#...
###############....)......_


You could see a large slime creature.

Vanquished Creatures
  Pikel (D:6)
  A troll (D:9)
  Sigmund (D:2)
  A slime creature (D:7)
  Eustachio (D:6)
  A steam dragon (D:6)
  A water moccasin (D:5)
  An ice beast (D:5)
  A sky beast (D:4)
  2 centaurs
  2 lemures
  A bullfrog (D:8)
  3 kobold brigands (D:7)
  4 scorpions
  5 howler monkeys
  2 orc priests (D:11)
  5 jellies
  A gnoll bouda (D:9)
  2 hounds
  An iguana (D:4)
  A sleepcap (D:6)
  4 orc wizards
  9 gnolls
  6 adders
  4 worms
  2 dart slugs
  15 orcs
  5 bats
  4 endoplasms
  3 giant cockroaches
  5 goblins
  5 hobgoblins
  4 jackals
  6 quokkas
  10 ball pythons
  A frilled lizard (D:2)
  13 kobolds
  A rat (D:3)
  A spectral kobold (D:1)
136 creatures vanquished.

Vanquished Creatures (others)
  A lemure (D:6)
1 creature vanquished.

Grand Total: 137 creatures vanquished

Notes
Turn   | Place    | Note
-------+----------+-------------------------------------------
     0 | D:1      | Shayle the Ogre Shapeshifter began the quest for the Orb.
     0 | D:1      | Reached XP level 1. HP: 19/19 MP: 1/1
   332 | D:1      | Reached skill level 2 in Fighting
   332 | D:1      | Reached XP level 2. HP: 28/28 MP: 1/3
   391 | D:1      | Found a faded altar of an unknown god.
   401 | D:1      | Reached skill level 1 in Spellcasting
   878 | D:2      | Noticed Sigmund
   892 | D:2      | Reached XP level 3. HP: 33/36 MP: 3/5
   904 | D:2      | Killed Sigmund
   905 | D:2      | Reached skill level 4 in Fighting
   905 | D:2      | Reached XP level 4. HP: 14/48 MP: 4/8
   905 | D:2      | Reached XP level 5. HP: 16/54 MP: 4/9
  2024 | D:3      | Reached XP level 6. HP: 63/63 MP: 10/10
  2027 | D:3      | Found an opulent altar of Gozag.
  2499 | D:3      | Found a bloodstained altar of Trog.
  2776 | D:3      | Learned a level 4 spell: Sticky Flame
  3006 | D:4      | Noticed a sky beast
  3022 | D:4      | Killed a sky beast
  3023 | D:4      | Reached skill level 5 in Fighting
  3023 | D:4      | Reached skill level 1 in Conjurations
  3023 | D:4      | Reached skill level 1 in Fire Magic
  3363 | D:4      | Reached XP level 7. HP: 72/72 MP: 13/13
  3387 | D:4      | Found a shimmering blue altar of Sif Muna.
  4180 | D:5      | Entered Level 5 of the Dungeon
  4240 | D:5      | Found a staircase to the Ecumenical Temple.
  4263 | Temple   | Entered the Ecumenical Temple
  4476 | D:5      | Found Biyn's Jewellery Shop.
  4604 | D:5      | Found Wahyekar's Antique Armour Emporium.
  4799 | D:5      | Reached skill level 6 in Fighting
  4799 | D:5      | Reached XP level 8. HP: 68/83 MP: 15/15
  4886 | D:5      | Found Ciohel's Assorted Antiques.
  4929 | D:5      | Found Allappee's Armour Shop.
  4960 | D:5      | Found Hiluim's Antique Weapon Shop.
  5355 | D:6      | Noticed Pikel
  5378 | D:5      | HP: 3/83 [lemure[Pikel] (8)]
  5645 | D:6      | Killed Pikel
  5646 | D:6      | Reached skill level 5 in Unarmed Combat
  5646 | D:6      | Reached skill level 5 in Spellcasting
  5664 | D:6      | Noticed Eustachio
  5694 | D:6      | Killed Eustachio
  5695 | D:6      | Reached skill level 7 in Fighting
  5833 | D:6      | Reached XP level 9. HP: 49/93 MP: 17/17
  6115 | D:6      | You fall into a shaft and drop 3 floors!
  6127 | D:9      | Learned a level 3 spell: Mephitic Cloud
  6174 | D:9      | Found Ugukkaca's Changing Room.
  6337 | D:10     | Entered Level 10 of the Dungeon
  6359 | D:10     | Found a hide-covered altar of Uskayaw.
  6386 | D:10     | Noticed a death yak
  6482 | D:9      | Noticed a troll
  6507 | D:9      | Killed a troll
  6579 | D:10     | Found an iron altar of Okawaru.
  6599 | D:10     | Noticed a death yak
  6601 | D:10     | Noticed a death yak
  6619 | D:11     | Found an opulent altar of Gozag.
  6640 | D:11     | Became a worshipper of Gozag Ym Sagoz the Greedy
  6870 | D:11     | Noticed a boulder beetle
  6995 | D:11     | HP: 6/144 [boulder beetle (3)]
  7232 | D:10     | Noticed a komodo dragon
  7239 | D:10     | Noticed Psyche
  7277 | D:9      | Found a broken altar of Ashenzari.
  7486 | D:8      | Reached skill level 8 in Fighting
  7638 | D:7      | Reached skill level 1 in Air Magic
  7677 | D:7      | Found an ancient bone altar of Kikubaaqudgha.
  7891 | D:7      | Slain by a large slime creature

Illustrated notes

Levels and vault maps discovered:
D:1:      roderic_dead_forest, layout_basic,
          dreamdust_ecumenical_altar_drowned_temple
D:2:      layout_loops_ring, uniq_sigmund
D:3:      layout_basic, trog_book, mainiacjoe_overflow_paths
D:4:      layout_cave_pods, lemuel_crystal_altar
D:5:      layout_basic, minmay_temple_entry_trees, serial_shops, shop,
          kennysheep_little_box, nicolae_shop_real_fake_doors,
          nicolae_shop_crystal, kennysheep_mini_moat,
          chequers_serial_rivers_room_b, minmay_tree_intersection
D:6:      layout_loops_ring, serial_shops, kennysheep_mini, uniq_eustachio,
          uniq_pikel
D:7:      cheibrodos_fertilizer, layout_gridville,
          nicolae_kikubaaqudgha_miasma_corner, nicolae_overflow_hidden_temple,
          serial_shops, shop
D:8:      layout_gridville, mainiacjoe_overflow_tiny_flanked,
          lightli_church_of_beogh
D:9:      layout_loops_corners, nicolae_ashenzari_skybound,
          nicolae_transmutations_shop, kennysheep_cross_room
D:10:     layout_cave_pods, marbit_many_paths,
          mainiacjoe_overflow_cross_hatched, mainiacjoe_overflow_24_doors,
          dpeg_lair_monsters, nrook_uturn, uniq_psyche, uniq_maggie,
          uniq_nergalle
D:11:     layout_roguey, gammafunk_ghost_ooze, nicolae_gozag_seed_capital
Temple:   nicolae_temple_bog_church

Skill      XL: |  1  2  3  4  5  6  7  8  9 |
---------------+----------------------------+-----
Fighting       | 2 4 5 6 7 8 |  8.4
Spellcasting   | 1 3 4 5 6 |  6.8
Unarmed Combat | 3 4 5 6 |  6.3
Conjurations   | 1 2 3 4 |  4.5
Fire Magic     | 1 2 3 4 |  4.5
Air Magic      | 1 |  1.8
Dodging        | |  1.7
Shapeshifting  | |  3.0

Action                     |  1- 3 |  4- 6 |  7- 9 || total
---------------------------+-------+-------+-------++-------
  Melee: Unarmed           |    64 |   123 |    34 ||   221
         Punch             |     2 |     2 |    13 ||    17
         Short sword       |       |    42 |   172 ||   214
         Rapier            |       |       |    57 ||    57
         Whip              |       |       |   114 ||   114
   Cast: Mephitic Cloud    |       |       |     5 ||     5
  Evoke: Wand              |       |       |     2 ||     2
    Use: Potion            |     1 |     3 |    14 ||    18
         Scroll            |       |       |     9 ||     9
   Stab: Sleeping          |     2 |       |       ||     2
 Armour: Animal skin       |    28 |    38 |    26 ||    92
         Skin              |     3 |       |    81 ||    84
         Steam dragon scal |       |       |    42 ||    42
  Dodge: Dodged            |    29 |    69 |   169 ||   267

Table legend: (Time is in decaauts)
 A = Elapsed time spent in this place.
 B = Non-inter-level travel time spent in this place.
 C = Inter-level travel time spent in this place.
 D = Time resting spent in this place.
 E = Time spent auto-exploring this place.
 F = Levels seen in this place.
 G = Mean time per level.
                   A        B        C        D        E       F      G
               +--------+--------+--------+--------+--------+-----+--------+
         Total |   7858 |   7655 |    203 |   1528 |   3814 |  12 |  654.8 |
       Dungeon |   7848 |   7654 |    194 |   1528 |   3814 |  11 |  713.5 |
        Temple |      9 |      0 |      9 |      0 |      0 |   1 |    9.0 |
               +--------+--------+--------+--------+--------+-----+--------+

Top non-repeatable levels by time:
     D:5: 1413 daAuts
     D:2: 1222 daAuts
     D:4: 1198 daAuts
     D:3: 955 daAuts
     D:1: 772 daAuts
    D:11: 612 daAuts
     D:6: 511 daAuts
     D:9: 420 daAuts
     D:7: 267 daAuts
     D:8: 240 daAuts
    D:10: 234 daAuts
  Temple: 9 daAuts
